 Dungeon Crawl Stone Soup version 0.30-a0-12-gd8047c6341 (webtiles) character file.

Game seed: 17942147240065096369

112 AttackTheMoon the Covered (level 5, -1/46 HPs)
             Began as a Meteoran Fighter on Aug 23, 2022.
             Killed by divine providence
             ... invoked by an orc priest
              (13 damage)
             ... on level 6 of the Dungeon.
             The game lasted 00:03:35 (1388 turns).

AttackTheMoon the Covered (Meteoran Fighter)        Turns: 1388, Time: 00:03:36

Health: -1/46      AC:  8    Str: 19    XL:     5   Next: 40%
Magic:  6/6        EV:  9    Int: 10    God:
Gold:   157        SH:  5    Dex: 13    Spells: 4/4 levels left

rFire   . . .      SeeInvis .    a - +0 war axe
rCold   . . .      Faith    .    c - +0 buckler
rNeg    . . .      Spirit   .    b - +0 scale mail
rPois   .          Reflect  .    (no helmet)
rElec   .          Harm     .    i - +0 cloak
rCorr   .          Rampage  .    (no gloves)
Will    .....                    (no boots)
Stlth   ..........               (no amulet)
HPRegen 0.15/turn                (no ring)
MPRegen 0.10/turn                (no ring)

@: glowing
A: sense surroundings 1, otherworldly, glowing, explore regen
a: no special abilities


You were on level 6 of the Dungeon.
You visited 1 branch of the dungeon, and saw 6 of its levels.

You collected 157 gold pieces.

Inventory:

Hand Weapons
 a - a +0 war axe (weapon)
 l - a +0 battleaxe
Missiles
 j - a boomerang (quivered)
Armour
 b - a +0 scale mail (worn)
 c - a +0 buckler (worn)
 i - a +0 cloak (worn)
Jewellery
 k - a ring of willpower
Scrolls
 g - 2 scrolls of teleportation
Potions
 d - a potion of might
 e - a potion of attraction {unknown}
 h - a potion of flight {unknown}


   Skills:
 + Level 3.9 Fighting
 + Level 3.4 Axes
 + Level 1.7 Throwing
 + Level 4.4 Armour
 + Level 4.4 Shields


You had 4 spell levels left.
You didn't know any spells.
Your spell library contained the following spells:

 Spells                   Type           Power      Damage    Failure   Level
 Foxfire                  Conj/Fire      0%         2x1d4     80%         1
 Conjure Flame            Conj/Fire      0%         6-21      99%         3
 Inner Flame              Hex/Fire       0%         N/A       99%         3
 Flame Wave               Conj/Fire      0%         2d4       100%        4


Dungeon Overview and Level Annotations

Branches:
Dungeon (7/15) Zot: 2141
 Temple: D:4-7

Altars:

Shops:
D:2 *   D:3 *


Innate Abilities, Weirdness & Mutations

You passively map a small area around you.
You are easily found by Zot.
You glow in the dark.
You regain HP and MP as you explore.


Message History

You are too injured to fight recklessly!
You are too injured to fight recklessly!
You are too injured to fight recklessly!
You are too injured to fight recklessly!
You are too injured to fight recklessly!
You are too injured to fight recklessly!
You are too injured to fight recklessly!
You are too injured to fight recklessly!
You are too injured to fight recklessly!
You are too injured to fight recklessly!
You are too injured to fight recklessly!
You are too injured to fight recklessly!
You are too injured to fight recklessly!
You are too injured to fight recklessly!
Unknown command.
The gnoll shouts!
You slash the gnoll!
You kill the gnoll!
You see here a +0 battleaxe.
l - a +0 battleaxe
There is a stone staircase leading up here.
The gnoll hits you from afar with a +0 spear.
* * * LOW HITPOINT WARNING * * *
You climb upwards.
There is a stone staircase leading down here.
You are too injured to fight recklessly!
Throw: dart (datura)
Press: ? - help, Q - select action, (/) - cycle Shift-Dir - straight line, f - orc
Aim: an orc, wielding a +0 short sword (57% to hit, chance to frenzy on hit: 100%)
You throw a datura-tipped dart. The datura-tipped dart hits the orc.
The orc flies into a frenzy!
Throw: boomerang
Press: ? - help, Q - select action Shift-Dir - straight line, f - orc, p - orc
Aim: an orc, wielding a +0 dagger (57% to hit)
You throw a boomerang. The boomerang barely misses the orc.
The boomerang completely misses the orc.
You block the orc's attack.
The orc priest mumbles some strange prayers to Beogh against you.
Beogh smites you!
You die...

##### #### #...#
#@o######## #.#.#
#)..(o.o..# #.#.#
#.###.###.###.#.##
#.# #.# #.........
#.# #.# #####...o.
#.# #.# #...o. #.#
#.# #....... #.#
#.# #.......
########.# #.#*
#..⌠....


You could see an orc priest, an orc and a neutral orc (fast, strong, insane).

Vanquished Creatures
  A gnoll (D:7)
  3 adders
  2 worms
  4 dart slugs (D:1)
  11 orcs
  11 bats
  An endoplasm (D:3)
  A giant cockroach (D:3)
  5 goblins
  A hobgoblin (D:2)
  3 kobolds
  A quokka (D:1)
  8 ball pythons
  2 frilled lizards
  A rat (D:2)
55 creatures vanquished.

Vanquished Creatures (collateral kills)
  A goblin (D:4)
1 creature vanquished.

Vanquished Creatures (others)
  A kobold (D:4)
1 creature vanquished.

Grand Total: 57 creatures vanquished

Notes
Turn   | Place    | Note
-------+----------+-------------------------------------------
     0 | D:1      | AttackTheMoon the Meteoran Fighter began the quest for the
                  | Orb.
     0 | D:1      | Reached XP level 1. HP: 19/19 MP: 2/2
    55 | D:1      | Reached XP level 2. HP: 25/26 MP: 3/3
   135 | D:1      | Reached XP level 3. HP: 31/31 MP: 4/4
   410 | D:2      | Reached skill level 1 in Throwing
   410 | D:2      | Reached XP level 4. HP: 35/40 MP: 5/5
   832 | D:2      | Found Yrorhim's General Store.
   991 | D:3      | Reached XP level 5. HP: 17/46 MP: 6/6
  1030 | D:4      | Noticed an ice beast
  1195 | D:3      | Found Qixeril's Assorted Antiques.
  1310 | D:3      | You fall into a shaft and drop 3 floors!
  1388 | D:6      | Killed from afar by an orc priest

Illustrated notes

Levels and vault maps discovered:
D:1:      lemuel_arrival_funnel, layout_basic,
          shapermc_ecumenical_altar_mp_urbaneastern, serial_shops,
          nicolae_shop_behind_doors
D:2:      layout_basic, serial_shops, shop
D:3:      layout_basic, serial_shops, nicolae_shop_overgrown_old_shop
D:4:      layout_loops_ring, temple_statues, ebering_ghost_inner_flame,
          dreamdust_mushroom_princess, chequers_avenue,
          chequers_serial_rivers_micro_b, patterned_corridor
D:6:      layout_basic, solitary_fountain
D:7:      layout_basic, serial_corexii_hall, corexii_hall_statues_x,
          corexii_hall_statues_deadend, corexii_hall_statues_l,
          corexii_hall_statues_i, minivault_4, minmay_checkerbox

Skill      XL: |  1  2  3 |
---------------+----------+-----
Armour         | 4 |  4.4
Shields        | 4 |  4.4
Axes           | 3 |  3.4
Throwing       | 1 |  1.7
Fighting       | |  3.9

Action                   |  1- 3 |  4- 6 || total
-------------------------+-------+-------++-------
Melee: War axe           |    65 |   115 ||   180
Throw: Dart              |     1 |     8 ||     9
       Boomerang         |       |     1 ||     1
  Use: Scroll            |       |     4 ||     4
Armor: Scale mail        |    38 |    76 ||   114
Dodge: Dodged            |    24 |    49 ||    73
Block: Buckler           |    22 |    44 ||    66

Table legend: (Time is in decaauts)
 A = Elapsed time spent in this place.
 B = Non-inter-level travel time spent in this place.
 C = Inter-level travel time spent in this place.
 D = Time resting spent in this place.
 E = Time spent auto-exploring this place.
 F = Levels seen in this place.
 G = Mean time per level.
                   A        B        C        D        E       F      G
               +--------+--------+--------+--------+--------+-----+--------+
         Total |   1457 |   1414 |     43 |    123 |    794 |   6 |  242.8 |
       Dungeon |   1457 |   1414 |     43 |    123 |    794 |   6 |  242.8 |
               +--------+--------+--------+--------+--------+-----+--------+

Top non-repeatable levels by time:
     D:2: 603 daAuts
     D:3: 397 daAuts
     D:1: 354 daAuts
     D:6: 63 daAuts
     D:4: 22 daAuts
     D:7: 15 daAuts
